AoeStats
← Ken

Arena

507957522Analyzed
4v4 RM · 12d ago on Sep 20, 2026· 47m 53s· 8 players
Game mode
Random Map
Map size
Large (8 player)
Population
200
Speed
Normal
Resources
Standard
Victory
Conquest
Starting age
Dark Age
Ending age
Imperial Age
RankedLock teamsTeams togetherTeam positionsShared explorationLock speedFull tech treeHidden civsTurbo modeCheats
Victory
Defeat
🇨🇳 Franks · China
1010
+15
🇨🇳 Berbers · China
973
+17
🇨🇳 Italians · China
972
+17
🇦🇺 Dravidians · Australia
948
+18
🇫🇷 Bohemians · France
1119
-22
🇹🇷 Sicilians · Türkiye
1040
-19
🇨🇿 Vikings · Czechia
980
-16
🇫🇷 Vietnamese · France
833
-10
xiaoluyeah
0:27 Loom
11:19 Feudal Age
16:02 Castle Age
13:56 Horse Collar
14:02 Double-Bit Axe
24:01 Stone Mining
24:52 Wheelbarrow
28:47 Imperial Age
26:41 Gold Mining
27:22 Treadmill Crane
28:10 Padded Archer Armor
29:47 Silk Road
30:42 Chemistry
29:59 Leather Archer Armor
29:58 Bow Saw
29:49 Heavy Plow
30:08 Hand Cart
30:36 Stone Shaft Mining
32:17 Conscription
33:45 Light Cavalry
34:56 Silk Road
35:19 Ring Archer Armor
35:12 Ballistics
34:48 Murder Holes
35:55 Two-Man Saw
35:27 Crop Rotation
35:51 Bloodlines
36:41 Forging
36:37 Scale Barding Armor
36:45 Forging
36:58 Bombard Tower
37:37 Town Watch
37:34 Hussar
38:15 Husbandry
40:23 Chain Barding Armor
40:39 Iron Casting
40:16 Masonry
43:44 Plate Barding Armor
44:10 Blast Furnace
43:00 Fletching
43:24 Caravan
44:26 Hoardings
45:37 Architecture
Ken
11:04 Feudal Age
15:20 Castle Age
14:22 Double-Bit Axe
17:12 Bow Saw
17:40 Loom
22:03 Wheelbarrow
25:23 Hand Cart
26:30 Gold Mining
27:04 Husbandry
27:11 Scale Barding Armor
27:17 Forging
28:55 Gold Shaft Mining
32:56 Imperial Age
31:20 Iron Casting
31:52 Chain Barding Armor
32:25 Fletching
33:08 Cavalier
34:24 Plate Barding Armor
34:53 Blast Furnace
33:49 Stone Mining
35:32 Conscription
35:12 Chivalry
36:07 #83
35:48 Scale Mail Armor
35:49 Padded Archer Armor
35:45 Bodkin Arrow
35:50 Murder Holes
36:16 Ballistics
37:42 Chain Mail Armor
38:28 Chemistry
36:52 Paladin
40:25 Plate Mail Armor
40:10 Leather Archer Armor
41:26 Chivalry
47:27 Masonry
1,327
11:13 Feudal Age
15:17 Castle Age
13:08 Double-Bit Axe
13:10 Horse Collar
16:25 Bow Saw
16:32 Heavy Plow
17:36 Wheelbarrow
16:46 Loom
20:50 Stone Mining
22:53 Gold Mining
28:38 Hand Cart
30:17 Thumb Ring
30:04 Fletching
30:14 Padded Archer Armor
32:55 Imperial Age
32:04 Medical Corps
35:26 Two-Man Saw
34:35 Bodkin Arrow
34:55 Leather Archer Armor
35:48 Chemistry
35:09 Ballistics
34:36 Elite Elephant Archer
34:58 Siege Elephant
37:40 Bombard Tower
37:35 Elite Skirmisher
40:48 Bracer
41:19 Ring Archer Armor
40:49 Murder Holes
41:06 Masonry
41:56 Caravan
47:34 Wootz Steel
47:35 Conscription
47:51 Hoardings
moral knight
10:03 Feudal Age
10:52 Horse Collar
10:58 Double-Bit Axe
14:30 Gold Mining
17:58 Wheelbarrow
17:35 Fletching
18:17 Stone Mining
23:20 Castle Age
22:06 Padded Archer Armor
23:43 Town Watch
23:45 Loom
23:39 Elite Skirmisher
24:21 Bodkin Arrow
24:43 Leather Archer Armor
27:10 Bow Saw
28:21 Bloodlines
30:06 Light Cavalry
31:04 Scale Barding Armor
31:10 Forging
31:41 Kasbah
32:15 Heavy Plow
33:55 Hand Cart
36:45 Chain Barding Armor
37:01 Iron Casting
37:51 Masonry
39:24 Fortified Wall
40:07 Stone Shaft Mining
40:10 Gold Shaft Mining
44:37 Imperial Age
42:47 Murder Holes
43:13 Ballistics
42:57 Husbandry
43:15 Thumb Ring
44:41 Hussar
46:08 Crop Rotation
47:06 Chemistry
46:33 Conscription
46:53 Hoardings
47:04 Plate Barding Armor
Actiweed1
0:31 Loom
13:04 Feudal Age
14:58 Wheelbarrow
14:15 Double-Bit Axe
17:22 Gold Mining
21:48 Castle Age
20:42 Fletching
20:53 Padded Archer Armor
23:17 Hand Cart
22:49 Town Watch
22:47 Horse Collar
23:22 Bow Saw
23:58 Crossbowman
27:18 Elite Skirmisher
28:21 Bodkin Arrow
29:16 Husbandry
29:27 Bloodlines
32:02 Thumb Ring
31:55 Light Cavalry
34:21 Leather Archer Armor
36:18 Ballistics
35:56 Murder Holes
37:16 Scale Barding Armor
37:22 Forging
39:58 Heavy Plow
43:03 Imperial Age
40:51 Pikeman
41:32 Squires
42:19 Forging
42:09 Scale Mail Armor
42:20 Scale Mail Armor
42:34 Fortified Wall
43:54 Bracer
44:24 Ring Archer Armor
43:39 Imperial Skirmisher
45:28 Crop Rotation
47:04 Chemistry
45:46 Treadmill Crane
45:38 Arbalester
46:25 Halberdier
lutadorCZ
10:49 Feudal Age
12:04 Loom
15:04 Castle Age
13:09 Double-Bit Axe
18:23 Town Watch
20:00 Horse Collar
20:45 Heavy Plow
22:09 Bow Saw
24:42 Gold Mining
25:03 Town Patrol
28:50 Imperial Age
26:20 Fletching
27:59 Ballistics
27:51 Masonry
27:55 Padded Archer Armor
27:51 Bodkin Arrow
29:06 Gold Shaft Mining
28:45 Crossbowman
29:55 Conscription
30:55 Chemistry
30:36 Bogsveigar
30:12 Arbalester
31:39 Elite Skirmisher
35:48 Crop Rotation
36:21 Two-Man Saw
36:54 Architecture
36:29 Bracer
36:44 Leather Archer Armor
36:18 Imperial Skirmisher
36:36 Imperial Skirmisher
38:33 Stone Mining
39:18 Ring Archer Armor
44:42 Siege Engineers
45:13 Squires
44:58 Gambesons
44:59 Arson
44:34 Pikeman
45:19 Scale Mail Armor
45:29 Forging
SaVaGe
5:53 Loom
7:50 Loom
10:56 Feudal Age
11:43 Double-Bit Axe
17:16 Castle Age
15:34 Horse Collar
19:03 Bow Saw
19:12 Loom
22:18 Town Watch
22:28 Fletching
26:38 Wheelbarrow
27:03 Redemption
30:38 Bodkin Arrow
33:35 Wagenburg Tactics
37:02 Imperial Age
37:51 Chemistry
36:52 Murder Holes
37:18 Ballistics
38:53 Conscription
38:05 Elite Hussite Wagon
41:26 Hussite Reforms
43:13 Block Printing
43:19 Sanctity
43:26 Illumination
43:40 Theocracy
43:34 Hand Cart
Kabraxxxis
1:34 Loom
9:35 Feudal Age
10:10 Horse Collar
14:08 Loom
15:18 Wheelbarrow
14:58 Double-Bit Axe
15:51 Loom
18:35 Castle Age
17:02 Stone Mining
17:22 Gold Mining
22:44 Town Watch
24:13 Heavy Plow
25:21 First Crusade
25:47 Bow Saw
26:26 Scale Mail Armor
26:36 Forging
28:03 Hand Cart
28:49 Iron Casting
28:59 Chain Mail Armor
33:55 Imperial Age
31:23 Man-at-Arms
31:23 Pikeman
31:48 Gambesons
32:03 Squires
32:10 Long Swordsman
32:36 Arson
35:02 Conscription
34:07 Two-Handed Swordsman
39:26 Fletching
39:36 Padded Archer Armor
39:31 Halberdier
40:14 Elite Skirmisher
40:52 Bodkin Arrow
41:12 Leather Archer Armor
41:07 Imperial Skirmisher
Connection lost

Rejoining the realm…

Still unreachable

The connection could not be restored.

Session expired

The server has moved on; the page needs a fresh start.